Map: Neon Violet Square LE

Players

Elazer

  • Race: Zerg Zerg
  • Spawn Location: 11:00

Scarlett - Winner!

  • Race: Zerg Zerg
  • Spawn Location: 5:00

Event: IEM Season 12 - PyeongChang

VOD

Have the link to the VOD?

Description

Time

  • Played on: Feb. 6, 2018, 9:03 p.m.
  • Length: 6:42

All games in this series

Show
View Real Time Build Order
Export as new Build Order

Elazer Zerg 

Build Orders: 3 Hatch before Pool 

Get SALT Encoding   

  12  0:00  Drone  
  13  0:12  Overlord  
  13  0:17  Drone  
  14  0:30  Drone x2  
  14  0:34  Drone  
  17  0:52  Hatchery  
  17  0:55  Drone  
  17  0:59  Drone  
  18  1:19  Hatchery  
  18  1:22  Drone  
  18  1:25  Drone  
  19  1:28  Extractor  
  18  1:40  Spawning Pool  
  18  1:43  Drone  
  18  1:46  Drone  
  19  1:50  Drone  
  20  2:00  Drone  
  21  2:05  Drone  
  22  2:11  Drone  
  22  2:14  Drone  
  24  2:27  Queen x2  
  28  2:30  Metabolic Boost  
  28  2:32  Drone  
  29  2:38  Drone x2  
  29  2:42  Drone  
  29  2:43  Overlord  
  32  2:46  Drone  
  33  2:57  Baneling Nest, Drone  
  33  2:59  Zergling x2  
  33  3:03  Queen  
  33  3:05  Drone  
  37  3:08  Zergling x2  
  37  3:10  Zergling x2  
  39  3:13  Overlord  
  39  3:16  Drone  
  39  3:18  Drone  
  41  3:23  Drone  
  41  3:27  Overlord  
  42  3:31  Drone  
  42  3:32  Zergling x6  
  46  3:38  Drone  
  47  3:41  Baneling x2, Zergling x2  
  47  3:42  Zergling x4  
  47  3:44  Overlord  
  47  3:46  Drone  
  47  3:48  Zergling x4  
  53  3:53  Zergling x4  
  55  3:56  Baneling x2  
  55  3:58  Drone  
  55  4:00  Extractor  
  55  4:03  Roach Warren  
  55  4:07  Drone  
  53  4:26  Drone x3  
  53  4:37  Overlord x2  
  52  4:43  Roach x6  
  64  4:51  Overlord x2  
  64  4:55  Baneling x2  
  63  5:03  Roach  
  63  5:04  Roach x4  
  63  5:06  Roach  
  74  5:10  Zergling x10  
  79  5:14  Roach  
  79  5:19  Overlord  
  79  5:21  Roach  
  83  5:26  Roach x2  
  86  5:30  Overlord  
  86  5:32  Zergling x2  
  86  5:33  Zergling x6  
  90  5:40  Overlord  
  89  5:43  Zergling x8  
  87  5:51  Zergling x6  
  87  5:53  Baneling  
  87  5:54  Baneling x4  
  83  5:57  Zergling x4  
  83  5:59  Zergling x6  
  83  6:00  Zergling x6  
  87  6:07  Zergling x2  
  87  6:08  Zergling x2  
  87  6:10  Zergling x2  
  84  6:16  Zergling x2  
  84  6:17  Zergling x2  
  79  6:25  Ravager  
Show
View Real Time Build Order
Export as new Build Order

Scarlett Zerg - Winner!

Build Orders: Hatch First, Zergling Baneling 

Get SALT Encoding   

  12  0:00  Drone  
  13  0:12  Overlord  
  13  0:18  Drone  
  14  0:31  Drone x2  
  16  0:37  Drone  
  17  0:51  Hatchery  
  17  0:55  Drone  
  17  0:59  Drone  
  18  1:04  Extractor  
  17  1:14  Spawning Pool  
  17  1:17  Drone  
  17  1:20  Drone  
  18  1:29  Drone  
  19  1:38  Drone  
  20  1:49  Overlord  
  20  2:02  Drone  
  20  2:03  Queen  
  20  2:04  Queen  
  20  2:06  Metabolic Boost  
  26  2:08  Drone  
  26  2:14  Drone  
  26  2:15  Drone  
  28  2:23  Drone  
  28  2:28  Drone  
  30  2:35  Drone  
  31  2:39  Queen  
  31  2:41  Baneling Nest  
  32  2:54  Hatchery  
  32  2:56  Overlord  
  32  2:58  Zergling x2  
  32  3:00  Zergling x2  
  32  3:04  Drone x2  
  35  3:12  Drone  
  36  3:14  Drone x3  
  36  3:17  Drone  
  40  3:25  Drone x2  
  42  3:29  Zergling x4  
  42  3:32  Overlord  
  44  3:37  Overlord  
  44  3:46  Baneling  
  44  3:47  Baneling x5  
  44  3:49  Overlord  
  44  3:51  Zergling x10  
  44  3:54  Zergling x2  
  50  3:56  Baneling  
  50  3:58  Zergling x4  
  50  4:01  Zergling x2  
  53  4:05  Zergling x2  
  54  4:10  Baneling  
  54  4:14  Zergling x4  
  54  4:15  Queen  
  54  4:25  Zergling x8  
  54  4:30  Baneling x2  
  56  4:37  Zergling x14  
  63  4:40  Drone  
  64  4:50  Drone x3  
  67  4:57  Roach Warren, Extractor  
  65  5:05  Overlord x2  
  65  5:07  Zergling x10  
  65  5:14  Overlord  
  70  5:16  Zergling x2  
  70  5:18  Spine Crawler  
  70  5:26  Drone  
  70  5:27  Overlord  
  70  5:28  Drone x2  
  73  5:36  Roach x3  
  73  5:38  Roach  
  79  5:44  Roach x5  
  88  5:51  Roach  
  88  5:54  Zergling x4, Roach  
  88  5:56  Extractor  
  92  6:00  Roach  
  94  6:06  Zergling x4, Roach x2  
  94  6:07  Zergling x2  
  94  6:08  Zergling x4  
  98  6:13  Zergling x4, Roach  
  95  6:19  Zergling x4, Roach  
  95  6:24  Zergling x2  

Tags
 
Add a new tag
Caveats
  • Supply blocks, unpowered buildings, or Contaminate may cause inaccurate times.
  • Supply counts are checked every 10 seconds.